AoeStats
← D.E.

Arena

510181116Analyzed
3v3 RM · 2d ago on Sep 29, 2026· 45m 10s· 6 players
Game mode
Random Map
Map size
Normal (6 player)
Population
200
Speed
Normal
Resources
Standard
Victory
Conquest
Starting age
Dark Age
Ending age
Imperial Age
RankedLock teamsTeams togetherTeam positionsShared explorationLock speedFull tech treeHidden civsTurbo modeCheats
Victory
Defeat
🇩🇪 Inca · Germany
511
+19
🇺🇸 Goths · United States
495
+19
🇳🇱 Franks · Netherlands
462
+21
🇩🇪 Britons · Germany
658
-23
🇩🇪 Britons · Germany
550
-19
🇩🇪 Khmer · Germany
506
-17
D.E.
10:29 Feudal Age
11:07 Double-Bit Axe
12:49 Wheelbarrow
12:25 Horse Collar
21:54 Castle Age
20:09 Gold Mining
20:10 Stone Mining
21:03 Town Watch
22:51 Heavy Plow
23:01 Champi Runner
24:15 Bow Saw
24:55 Forging
24:46 Scale Mail Armor
25:57 Hand Cart
26:25 Gold Shaft Mining
27:44 Stone Shaft Mining
27:55 Iron Casting
29:05 Champi Warrior
32:55 Champi Warrior
36:31 Ballistics
36:08 Murder Holes
40:11 Imperial Age
39:06 Chain Mail Armor
41:21 Conscription
42:07 Blast Furnace
41:39 Plate Mail Armor
40:52 Elite Champi Warrior
42:53 Crop Rotation
43:53 Chemistry
FreshlySqueezed
0:28 Loom
10:04 Feudal Age
11:05 Double-Bit Axe
12:40 Wheelbarrow
12:07 Gold Mining
12:11 Stone Mining
14:55 Horse Collar
15:13 Gold Mining
18:55 Town Watch
22:56 Castle Age
23:23 Forging
23:13 Scale Mail Armor
25:00 Squires
25:20 Hand Cart
27:42 Bow Saw
28:11 Town Patrol
29:14 Heavy Plow
30:25 Anarchy
33:16 Pikeman
42:41 Imperial Age
41:51 Iron Casting
41:32 Chain Mail Armor
43:58 Elite Huskarl
45:48 Blast Furnace
sjonsjon [nl]
8:05 Loom
10:52 Feudal Age
13:05 Wheelbarrow
13:25 Double-Bit Axe
23:02 Castle Age
22:12 Stone Mining
24:28 Hand Cart
30:26 Town Watch
34:05 Forging
34:02 Scale Barding Armor
34:46 Husbandry
35:23 Iron Casting
36:59 Caravan
39:37 Chain Barding Armor
39:09 Fletching
39:20 Padded Archer Armor
43:03 Imperial Age
42:36 Gold Mining
43:01 Bow Saw
43:10 Ordonnance Companies
44:16 Conscription
43:50 Treadmill Crane
46:17 Blast Furnace
45:53 Plate Barding Armor
44:42 Cavalier
Hayriii1907
4:28 Loom
10:44 Feudal Age
15:02 Horse Collar
21:57 Castle Age
21:23 Town Watch
22:16 Wheelbarrow
21:35 Double-Bit Axe
26:02 Bow Saw
27:04 Heavy Plow
27:39 Murder Holes
29:02 Yeomen
28:59 Fletching
29:10 Padded Archer Armor
36:17 Imperial Age
36:06 Heated Shot
38:59 Chemistry
40:27 Elite Longbowman
42:17 Gold Mining
43:12 Warwolf
Ottoman5734
9:55 Feudal Age
14:18 Horse Collar
20:11 Castle Age
18:14 Double-Bit Axe
18:48 Stone Mining
18:54 Gold Mining
21:04 Fletching
21:15 Padded Archer Armor
23:33 Scale Mail Armor
25:29 Bow Saw
26:25 Crossbowman
27:55 Wheelbarrow
27:57 Husbandry
28:37 Leather Archer Armor
28:17 Bodkin Arrow
29:02 Heavy Plow
35:40 Imperial Age
32:52 Pikeman
33:34 Squires
33:20 Arson
35:17 Coinage
36:04 Masonry
36:04 Fortified Wall
35:31 Elite Skirmisher
36:33 Light Cavalry
37:38 Hand Cart
38:06 Scale Barding Armor
38:11 Forging
37:51 Cavalier
41:24 Cranequins
44:31 Chemistry
43:23 Heated Shot
Aykuuut1907
10:15 Feudal Age
8:56 Loom
18:33 Double-Bit Axe
21:27 Castle Age
23:02 Stone Mining
23:05 Pikeman
23:07 Man-at-Arms
23:34 Arson
23:14 Crossbowman
23:28 Light Cavalry
32:59 Imperial Age
30:03 Elite Skirmisher
34:18 Arbalester
35:39 Cavalier
36:55 Fortified Wall
Connection lost

Rejoining the realm…

Still unreachable

The connection could not be restored.

Session expired

The server has moved on; the page needs a fresh start.